 Dungeon Crawl Stone Soup version 0.27.0 (webtiles) character file.

Game seed: 3548507749593847592

21 ZombieSheep the Skirmisher (level 2, -2/24 HPs)
             Began as a Demonspawn Monk on July 31, 2021.
             Slain by an ogre (26 damage)
             ... on level 2 of the Dungeon.
             The game lasted 00:01:52 (871 turns).

ZombieSheep the Skirmisher (Demonspawn Monk)         Turns: 871, Time: 00:01:53

Health: -2/24      AC:  5    Str: 11    XL:     2   Next: 62%
Magic:  2/2        EV: 13    Int: 11    God:
Gold:   50         SH:  0    Dex: 15    Spells: 1/1 levels left

rFire    . . .     SeeInvis .   a - +0 mace
rCold    . . .     Faith    .   (no shield)
rNeg     . . .     Spirit   .   b - +0 robe
rPois    .         Reflect  .   (helmet restricted)
rElec    .         Harm     .   c - +2 cloak
rCorr    .         Rampage  .   (no gloves)
Will     .....                  (no boots)
Stlth    ++........             (no amulet)
HPRegen  0.08/turn              (no ring)
MPRegen  0.08/turn              (no ring)

@: no status effects
A: antennae 1
a: no special abilities


You were on level 2 of the Dungeon.
You visited 1 branch of the dungeon, and saw 2 of its levels.

You collected 50 gold pieces.

Inventory:

Hand Weapons
 a - a +0 mace (weapon)
Armour
 b - a +0 robe (worn)
 c - a +2 cloak (worn)
Potions
 f - a potion of curing


   Skills:
 * Level 3.4 Fighting
 + Level 2.9 Maces & Flails
 + Level 0.6 Armour
 + Level 2.9 Dodging
 - Level 1.7 Stealth


You had one spell level left.
You didn't know any spells.
Your spell library contained the following spells:

 Spells                   Type           Power      Damage    Failure   Level
 Foxfire                  Conj/Fire      0%         2x1d4     34%         1
 Pain                     Necr           0%         1d4       34%         1
 Conjure Flame            Conj/Fire      0%         6-21      71%         3
 Inner Flame              Hex/Fire       0%         N/A       71%         3
 Agony                    Necr           0%         N/A       100%        5
 Excruciating Wounds      Necr           0%         N/A       100%        5


Dungeon Overview and Level Annotations

Branches:
Dungeon (2/15)

Altars:


Innate Abilities, Weirdness & Mutations

You have a pair of small antennae on your head.


Message History

The kobold closely misses you.
You barely miss the kobold. The kobold hits you but does no damage.
The kobold misses you.
You closely miss the kobold. The kobold hits you with a +0 club.
You thump the kobold!
You kill the kobold!
No target in view!
No target in view!
Things that are here:
a +0 club; a kobold corpse You are caught in the web!
e - an amulet of faith
There is a web here.
You struggle to detach yourself from the web.
You disentangle yourself.
Found a helmet.
You now have 50 gold pieces (gained 10).
f - a brown potion You see here 14 poisoned darts.
Done exploring.
As you read the scroll labelled EGYOXT NUONNOKOEM, it crumbles to dust.
It is a scroll of identify.
f - a potion of curing You drop an amulet of faith.
(D) Dungeon
Where to? (? - help)
What level of the Dungeon? (default 1, ? - help)
There is a stone staircase leading down here.
You climb downwards.
A goblin and an ogre come into view.
Found a robe.
Found a stone staircase leading up.
There is a stone staircase leading up here.
The ogre shouts!
A rat comes into view.
Found a dagger.
You hit the ogre.
The ogre is lightly wounded.
The ogre hits you with a +0 giant club!!
Ouch! That really hurt!
You die...

....... . #
....... ...#
....... .#.# #
....[.. ...##..
.......##......#
................
...g..O.........
)......@........
.......#<..<....
##.##..#########
...# ..## ###


You could see an ogre and a goblin.

Vanquished Creatures
  A bat (D:1)
  4 endoplasms (D:1)
  2 goblins (D:1)
  3 hobgoblins (D:1)
  3 kobolds (D:1)
  2 ball pythons (D:1)
  A frilled lizard (D:1)
  2 rats (D:1)
18 creatures vanquished.

Notes
Turn   | Place    | Note
-------+----------+-------------------------------------------
     0 | D:1      | ZombieSheep the Demonspawn Monk began the quest for the
                  | Orb.
     0 | D:1      | Reached XP level 1. HP: 18/18 MP: 1/1
   155 | D:1      | Found a faded altar of an unknown god.
   198 | D:1      | Gained mutation: You have a pair of small antennae on your
                  | head. [demonic ancestry]
   198 | D:1      | Reached XP level 2. HP: 20/24 MP: 2/2
   869 | D:2      | Noticed an ogre
   871 | D:2      | Slain by an ogre

Illustrated notes

Levels and vault maps discovered:
D:1:      dpeg_arrival_pond, layout_rooms,
          hellmonk_ecumenical_altar_leap_of_faith, corner_web_ring
D:2:      layout_rooms, serial_shops, shop_coins, uniq_robin

Action                   || total
-------------------------++-------
Melee: Mace              ||    62
  Use: Scroll            ||     1
 Stab: Sleeping          ||     1
Armor: Robe              ||    23
Dodge: Dodged            ||    40
